 Dungeon Crawl Stone Soup version 0.22-a0-848-ge9e22a0 (webtiles) character file.

13561 Supahsalami the Basher (level 12, -6/76 HPs)
             Began as a Gargoyle Venom Mage on July 26, 2018.
             Was an Elder of Okawaru.
             Mangled by a rust devil (7 damage)
             ... summoned by a deep elf mage
             ... on level 11 of the Dungeon on July 27, 2018.
             The game lasted 01:05:40 (16210 turns).

Supahsalami the Basher (Gargoyle Venom Mage)       Turns: 16210, Time: 01:05:41

Health: -6/76      AC: 16    Str: 17    XL:     12   Next: 7%
Magic:  26/26      EV:  8    Int: 16    God:    Okawaru [****..]
Gold:   292        SH:  0    Dex: 13    Spells: 12/18 levels left

rFire    . . .     SeeInvis .   R - +2 morningstar (protect)
rCold    + . .     Gourm    .   p - +2 shield
rNeg     + . .     Faith    .   J - +3 scale mail
rPois    ∞         Spirit   .   (no helmet)
rElec    +         Reflect  .   N - +0 cloak {rPois}
rCorr    .         Harm     .   M - +2 pair of gloves {Dex+3}
MR       .....                  (no boots)
Stlth    ..........             k - amulet of the acrobat
HPRegen  0.22/turn              v - ring of magical power
MPRegen  0.20/turn              E - ring of protection from cold

@: confused, corroded, protection aura
A: negative energy resistance 1, electricity resistance, unbreathing,
petrification resistance, rot immunity, AC +8
a: Heroism, Renounce Religion


You were on level 11 of the Dungeon.
You worshipped Okawaru.
Okawaru was greatly pleased with you.
You were not hungry.

You visited 3 branches of the dungeon, and saw 13 of its levels.
You also visited: Sewer.

You collected 666 gold pieces.
You spent 374 gold pieces at shops.

Inventory:

Hand Weapons
 D - a +5 spear of venom
 H - a +1 flail of venom
 R - a +2 morningstar of protection (weapon)
Missiles
 d - 416 stones
 t - 3 javelins (quivered)
Armour
 p - a +2 shield (worn)
 J - a +3 scale mail (worn)
 L - a +1 plate armour of poison resistance
 M - a +2 pair of gloves of dexterity (worn)
 N - a +0 cloak of poison resistance (worn)
 O - a +1 robe of cold resistance
Jewellery
 a - an uncursed ring of ice
 k - an amulet of the acrobat (around neck)
 u - an uncursed ring of protection from magic {unknown}
 v - a ring of magical power (left hand)
 E - a ring of protection from cold (right hand)
Wands
 y - a wand of iceblast (6)
 C - a wand of random effects (31)
Scrolls
 b - 7 scrolls of teleportation
 h - a scroll of immolation {unknown}
 l - 9 scrolls of remove curse
 m - a scroll of torment {unknown}
 r - a scroll of enchant armour
 A - a scroll of amnesia
 F - 2 scrolls of magic mapping {unknown}
 G - a scroll of blinking {unknown}
 I - 2 scrolls of random uselessness {unknown}
 P - 2 scrolls of enchant weapon
Potions
 e - a potion of ambrosia
 f - 2 potions of resistance
 g - 2 potions of invisibility
 i - 8 potions of curing
 j - a potion of magic {unknown}
 n - a potion of mutation {unknown}
 o - 3 potions of lignification
 q - a potion of brilliance {unknown}
 w - 2 potions of heal wounds
 x - 2 potions of flight
 z - a potion of berserk rage {unknown}
 B - 3 potions of might
Comestibles
 c - 14 rations


   Skills:
 + Level 9.4 Fighting
   Level 0.2 Short Blades
 * Level 12.0 Maces & Flails
 + Level 9.7 Armour
 - Level 1.5 Dodging
 - Level 2.3 Stealth
 + Level 5.4 Shields
 - Level 3.5 Spellcasting
 - Level 2.3 Conjurations
 - Level 3.3 Poison Magic
 - Level 2.1 Invocations
 - Level 3.0 Evocations


You had 12 spell levels left.
You knew the following spells:

 Your Spells              Type           Power        Failure   Level  Hunger
a - Sting                 Conj/Pois      ##..         45%         1    None
b - Mephitic Cloud        Conj/Pois/Air  #.......     93%         3    ###....
c - Blink                 Tloc           N/A          95%         2    ##.....

Your spell library contained the following spells:

 Spells                   Type           Power        Failure   Level  Hunger
 Magic Dart               Conj           ##..         54%         1    None
 Fireball                 Conj/Fire      #.........   100%        5    ######.
 Apportation              Tloc           #.....       86%         1    None
 Conjure Flame            Conj/Fire      #.......     97%         3    ###....
 Slow                     Hex            #.......     95%         2    ##.....
 Throw Flame              Conj/Fire      #.....       85%         2    ##.....
 Venom Bolt               Conj/Pois      ##........   100%        5    ######.
 Olgreb's Toxic Radiance  Pois           ##......     99%         4    ####...
 Summon Small Mammal      Summ           #...         86%         1    None
 Animate Skeleton         Necr           N/A          86%         1    None
 Sticky Flame             Conj/Fire      #.......     100%        4    ####...
 Call Imp                 Summ           #.......     95%         2    ##.....
 Confusing Touch          Hex            #.....       86%         1    None
 Flame Tongue             Conj/Fire      #....        71%         1    None
 Inner Flame              Hex/Fire       #.......     99%         3    ###....
 Poisonous Vapours        Pois/Air       #.....       78%         2    ##.....


Dungeon Overview and Level Annotations

Branches:
Dungeon (11/15)            Temple (1/1) D:4            Lair (1/6) D:8
    Orc: D:9-12

Altars:
Ashenzari
Cheibriados
Dithmenos
Elyvilon
Fedhas
Gozag
Hepliaklqana
Kikubaaqudgha
Makhleb
Nemelex Xobeh
Okawaru
Qazlal
Ru
Sif Muna
Trog
Uskayaw
Vehumet
Wu Jian
Xom
Yredelemnul
Zin
The Shining One

Shops:
D:9 ([   D:10 %


Innate Abilities, Weirdness & Mutations

You are resistant to torment.
Your stone body is resilient. (AC +8)
You are immune to poison.
You resist negative energy. (rN+)
You are resistant to electric shocks. (rElec)
You can survive without breathing.
You are immune to petrification.
You are immune to rotting.


Message History

You are more confused.
The redback bites you but does no damage.
The rust devil hits you. The rust devil corrodes you!
You miss the redback.
You are engulfed in a cloud of scalding steam.
The redback disappears in a puff of smoke!
The tarantella bites you!
* * * LOW HITPOINT WARNING * * *
You are more confused.
The redback is engulfed in a cloud of scalding steam.
The redback bites you but does no damage.
The hell rat is engulfed in a cloud of scalding steam.
The deep elf mage mumbles some strange words.
The deep elf mage blinks!
The tarantella bites you.
* * * LOW HITPOINT WARNING * * *
The redback is engulfed in a cloud of scalding steam.
The redback bites you.
* * * LOW HITPOINT WARNING * * *
The rust devil hits you!
You die...

#......# ...[...#
.......# .......#
.......# .......# ######
##+### .......####....
.e...
......⌠#..#..####s.####.
.......').#....§@ss.....
......⌠#..'..####4r####.
.......+.)#..r...§3...
......⌠#..#..####..####
###....####.... ...
#...## ###### ##+# #...#
#...# ###...#


You could see a rust devil, a deep elf mage, a smoke demon, 2 tarantellas, a
redback and a hell rat.

Vanquished Creatures
  A hydra (D:11)
  Erolcha (D:10)
  Fannar (D:9)
  2 two-headed ogres
  A deep elf mage (D:11)
  A cyclops (D:10)
  2 naga magi (D:11)
  2 trolls (D:11)
  2 slime creatures (D:8)
  8 yaks
  The ghost of Enish the Sneak, an amateur NaAs of Makhleb (D:5)
  Duvessa (D:7)
  2 water moccasins
  2 porcupines (Lair:1)
  4 orc warriors
  A black bear (D:7)
  3 ice beasts
  2 sky beasts
  7 ogres
  2 phantoms
  6 centaurs
  8 big kobolds
  10 bullfrogs
  Dowan (D:7)
  A wyvern skeleton (D:7)
  8 scorpions
  12 killer bees
  An electric eel (D:6)
  4 wights (D:11)
  3 howler monkeys (D:7)
  6 crimson imps
  A centaur zombie (D:7)
  4 hounds
  4 jellies
  10 orc priests
  2 centaur skeletons
  3 orc wizards
  2 bullfrog skeletons
  5 iguanas
  8 worker ants
  2 hound skeletons
  A howler monkey zombie (D:9)
  6 gnolls
  10 adders
  A river rat (Sewer)
  2 shadow imps
  5 oozes
  An adder skeleton (D:4)
  An adder zombie (D:5)
  3 worms
  3 dart slugs
  A leopard gecko (D:4)
  26 orcs
  3 giant cockroaches
  9 goblins
  4 hobgoblins
  21 jackals
  7 quokkas
  3 ball pythons
  12 bats
  5 frilled lizards
  25 kobolds
  6 rats
  A butterfly (D:4)
303 creatures vanquished.

Vanquished Creatures (others)
  A jackal (D:5)
  3 fungi (D:8)
  7 toadstools (D:8)
11 creatures vanquished.

Grand Total: 314 creatures vanquished

Notes
Turn   | Place    | Note
-------+----------+-------------------------------------------
     0 | D:1      | Supahsalami the Gargoyle Venom Mage began the quest for the Orb.
     0 | D:1      | Reached XP level 1. HP: 10/10 MP: 3/3
   588 | D:1      | Reached XP level 2. HP: 16/16 MP: 5/5
  1005 | D:2      | Found a basalt altar of Yredelemnul.
  1123 | D:2      | Reached XP level 3. HP: 20/20 MP: 6/6
  1158 | D:2      | Reached skill level 1 in Armour
  1179 | D:2      | Reached skill level 1 in Fighting
  2070 | D:1      | Reached XP level 4. HP: 9/26 MP: 7/7
  2364 | D:2      | Reached skill level 1 in Maces & Flails
  2720 | D:3      | Reached XP level 5. HP: 27/30 MP: 8/8
  2924 | D:3      | Reached skill level 2 in Maces & Flails
  3047 | D:3      | Noticed an ogre
  3081 | D:2      | Learned a level 3 spell: Mephitic Cloud
  3575 | D:4      | Found a staircase to the Ecumenical Temple.
  3626 | D:4      | Found a shadowy altar of Dithmenos.
  3874 | D:4      | Reached XP level 6. HP: 30/35 MP: 9/9
  4126 | D:4      | Found a glowing drain.
  4142 | Sewer    | Entered a sewer
  4146 | Sewer    | Learned a level 2 spell: Blink
  4148 | Sewer    | Reached skill level 3 in Maces & Flails
  4373 | Sewer    | Found a white marble altar of Elyvilon.
  4665 | D:5      | Entered Level 5 of the Dungeon
  5023 | D:5      | Reached XP level 7. HP: 28/41 MP: 10/10
  5039 | D:5      | Reached skill level 4 in Maces & Flails
  5155 | Temple   | Entered the Ecumenical Temple
  5914 | D:5      | Found a large runed door.
  5914 | D:5      | Found a large runed door.
  5915 | D:5      | Noticed Enish's ghost (amateur NaAs)
  5992 | D:5      | Reached skill level 5 in Maces & Flails
  6295 | D:6      | Reached XP level 8. HP: 48/48 MP: 11/11
  6671 | D:6      | Reached skill level 5 in Armour
  6737 | D:6      | Reached skill level 6 in Maces & Flails
  7072 | D:6      | HP: 2/48 [ogre/giant club (16)]
  7110 | D:5      | HP: 1/48 [scorpion (7)]
  7402 | D:5      | Reached skill level 5 in Fighting
  7589 | D:5      | Reached skill level 7 in Maces & Flails
  7700 | D:5      | Found a sacrificial altar of Ru.
  7758 | D:5      | Reached XP level 9. HP: 54/54 MP: 12/12
  7883 | D:5      | Killed Enish's ghost
  8266 | D:6      | Found a sparkling altar of Nemelex Xobeh.
  8975 | D:7      | Reached skill level 8 in Maces & Flails
  9042 | D:7      | Noticed Duvessa
  9048 | D:7      | Noticed Dowan
  9069 | D:7      | Killed Duvessa
  9083 | D:7      | Killed Dowan
  9490 | D:7      | Found a glowing golden altar of the Shining One.
  9543 | D:7      | Reached skill level 1 in Evocations
 10006 | D:8      | Reached XP level 10. HP: 57/61 MP: 15/15
 10069 | D:8      | Reached skill level 9 in Maces & Flails
 11051 | D:8      | Found a sacrificial altar of Ru.
 11056 | D:8      | Found a burning altar of Makhleb.
 11057 | D:8      | Found a shadowy altar of Dithmenos.
 11057 | D:8      | Found a basalt altar of Yredelemnul.
 11057 | D:8      | Found an ancient bone altar of Kikubaaqudgha.
 11058 | D:8      | Found an iron altar of Okawaru.
 11062 | D:8      | Found a bloodstained altar of Trog.
 11071 | D:8      | Became a worshipper of Warmaster Okawaru
 11257 | D:8      | Found a staircase to the Lair.
 11347 | Lair:1   | Entered Level 1 of the Lair of Beasts
 12056 | D:9      | Reached skill level 1 in Shields
 12069 | D:9      | Reached * piety under Okawaru
 12072 | D:9      | Reached skill level 10 in Maces & Flails
 12151 | D:9      | Found Sehir's Antique Armour Shoppe.
 12158 | D:9      | Bought a pair of glowing gloves for 187 gold pieces
 12158 | D:9      | Bought a runed cloak for 187 gold pieces
 12406 | D:9      | Noticed an angel
 12407 | D:9      | Found a shimmering altar of Xom.
 12408 | D:9      | Found a glowing silver altar of Zin.
 12502 | D:9      | Found Oshry's Antique Weapon Boutique.
 12878 | D:9      | Reached skill level 1 in Invocations
 13354 | D:10     | Entered Level 10 of the Dungeon
 13354 | D:10     | Noticed Fannar
 13364 | D:10     | Noticed a cyclops
 13375 | D:9      | Killed Fannar
 13375 | D:9      | Reached ** piety under Okawaru
 13375 | D:9      | Reached XP level 11. HP: 55/68 MP: 16/16
 13514 | D:10     | Noticed Erolcha
 13527 | D:10     | Killed Erolcha
 13761 | D:10     | Killed a cyclops
 14312 | D:10     | Found Soraitz's Food Boutique.
 14331 | D:10     | Noticed a two-headed ogre
 14566 | D:10     | Reached *** piety under Okawaru
 14572 | D:10     | Reached skill level 11 in Maces & Flails
 14756 | D:10     | Killed a two-headed ogre
 15338 | D:11     | Reached **** piety under Okawaru
 15726 | D:11     | Noticed a two-headed ogre
 15743 | D:11     | Killed a two-headed ogre
 15916 | D:11     | Noticed a five-headed hydra
 15929 | D:11     | Killed a five-headed hydra
 15929 | D:11     | Reached skill level 5 in Shields
 16129 | D:11     | Reached XP level 12. HP: 74/76 MP: 17/17
 16191 | D:11     | Reached skill level 12 in Maces & Flails
 16210 | D:11     | HP: 1/76 [redback[a deep elf mage] (3)]
 16210 | D:11     | Mangled by a rust devil

Vault maps used:
D:1:      minmay_arrival_up_and_down
D:2:      first_ration, st_stairs_6, yredelemnul_altar_generic
D:3:      minivault_26
D:4:      minmay_temple_entry_butterflies, cheibrodos_sewer_entry_bend,
          nicolae_dithmenos_shadow_blocks
D:5:      ebering_ghost_disaster_area, nicolae_ru_awakened_eye
D:6:      wad_lake_hut, nemelex_xobeh_ov_fountains_minmay, grunt_potential
D:7:      basic_altar, minivault_22, uniq_duvessa
D:8:      cheibrodos_fertilizer, minitemple, lair_entry_dummy
D:9:      grunt_temple_overflow_order_and_chaos_1, serial_shops,
          nicolae_shop_overgrown_old_shop, nicolae_shop_stone
D:10:     serial_shops, shop, uniq_erolcha, uniq_fannar
D:11:     evilmike_library_of_no_secrets
Temple:   nicolae_temple_x_marks_the_god
Lair:1:   gammafunk_ghost_necromancy
Sewer:    sewer_kobolds

Skill      XL: |  1  2  3  4  5  6  7  8  9 10 11 12 |
---------------+-------------------------------------+-----
Armour         | 1 2 3 4 6 7 8 9 |  9.7
Fighting       | 1 2 3 4 5 6 8 9 |  9.4
Maces & Flails | 1 2 3 5 7 8 10 11 12 | 12.0
Conjurations   | 2 |  2.3
Spellcasting   | 3 |  3.5
Evocations     | 1 3 |  3.0
Shields        | 2 5 |  5.4
Invocations    | 2 |  2.1
Short Blades   | |  0.2
Dodging        | |  1.5
Stealth        | |  2.3
Poison Magic   | |  3.3

Action                   |  1- 3 |  4- 6 |  7- 9 | 10-12 || total
-------------------------+-------+-------+-------+-------++-------
Melee: Dagger            |    31 |       |       |       ||    31
       Hand axe          |   121 |       |       |       ||   121
       Mace              |    23 |       |       |       ||    23
       Whip              |    11 |   207 |   452 |       ||   670
       Flail             |       |       |    80 |   434 ||   514
       Morningstar       |       |       |       |   297 ||   297
Throw: Stone             |     7 |     6 |       |       ||    13
       Javelin           |       |     5 |     2 |     7 ||    14
 Cast: Sting             |    10 |    18 |     6 |       ||    34
       Blink             |       |       |     1 |       ||     1
Invok: Heroism           |       |       |       |     7 ||     7
  Use: Scroll            |       |    10 |     3 |     4 ||    17
       Potion            |       |       |     4 |     1 ||     5
 Stab: Sleeping          |     1 |     1 |       |       ||     2
       Distracted        |       |     2 |       |       ||     2
  Eat: Chunk             |     4 |    10 |     6 |    11 ||    31
       Ration            |       |       |     3 |     3 ||     6
Armor: Ring mail         |   124 |    96 |   146 |       ||   366
       Robe              |     2 |       |       |       ||     2
       Plate armour      |       |       |    67 |   579 ||   646
       Scale mail        |       |       |       |    95 ||    95
Dodge: Dodged            |   122 |   136 |   257 |   192 ||   707
Block: Shield            |    58 |     8 |    24 |   494 ||   584

Table legend:
 A = Spawn XP
 B = Non-spawn XP
 C = Spawn XP percentage of total XP
 D = Spawn monster count
 E = Non-spawn monster count
 F = Spawn count percentage of total count
 G = Total turns spent on level
                    A         B        C        D         E        F      G
               +---------+---------+-------+---------+---------+-------+---------
         Total |       0 |   19373 |   0.0 |       0 |     302 |   0.0 | 16210
               +---------+---------+-------+---------+---------+-------+---------
           D:1 |       0 |      40 |   0.0 |       0 |      15 |   0.0 |  1432
           D:2 |       0 |     115 |   0.0 |       0 |      28 |   0.0 |  1348
           D:3 |       0 |      74 |   0.0 |       0 |      23 |   0.0 |   814
           D:4 |       0 |     318 |   0.0 |       0 |      17 |   0.0 |  1911
           D:5 |       0 |    1117 |   0.0 |       0 |      32 |   0.0 |  1514
           D:6 |       0 |    1271 |   0.0 |       0 |      22 |   0.0 |  1248
           D:7 |       0 |    1645 |   0.0 |       0 |      38 |   0.0 |  1506
           D:8 |       0 |    2243 |   0.0 |       0 |      36 |   0.0 |  1377
           D:9 |       0 |    2335 |   0.0 |       0 |      31 |   0.0 |  1949
          D:10 |       0 |    4986 |   0.0 |       0 |      28 |   0.0 |  1694
          D:11 |       0 |    4836 |   0.0 |       0 |      22 |   0.0 |   983
        Lair:1 |       0 |     280 |   0.0 |       0 |       2 |   0.0 |    43
         Sewer |       0 |     113 |   0.0 |       0 |       8 |   0.0 |   283
               +---------+---------+-------+---------+---------+-------+---------
